 Dungeon Crawl Stone Soup version 0.28-a0-845-gfc338a8e3c (webtiles) character file.

Game seed: 14261183589435175159

679 jbasstz the Ruffian (level 7, -2/63 (67) HPs)
             Began as a Troll Fighter on Nov 12, 2021.
             Was an Elder of Elyvilon.
             Slain by an orc (6 damage)
             ... on level 6 of the Dungeon.
             The game lasted 00:18:08 (3184 turns).

jbasstz the Ruffian (Troll Fighter)                 Turns: 3184, Time: 00:18:09

HP:   -2/63 (67)    AC:  4    Str: 27    XL:     7   Next: 34%
MP:   6/6           EV:  8    Int:  4    God:    Elyvilon [****..]
Gold: 84            SH:  0    Dex:  9    Spells: 6/6 levels left

rFire   + . .      SeeInvis .     - Unarmed
rCold   . . .      Faith    .   b - +0 kite shield
rNeg    . . .      Spirit   .   a - +0 robe
rPois   .          Reflect  .   (helmet restricted)
rElec   .          Harm     .   (no cloak)
rCorr   .          Rampage  .   (gloves unavailable)
Will    .....                   (boots unavailable)
Stlth   +.........              (no amulet)
HPRegen 1.20/turn               h - ring of flight
MPRegen 0.10/turn               q - ring of protection from fire

@: confused, flying, drained
A: large, unfitting armour, claws 3, regeneration 1, shaggy fur 1, tough skin 1
a: Renounce Religion, Purification, Heal Other, Heal Self


You were on level 6 of the Dungeon.
You worshipped Elyvilon.
Elyvilon was greatly pleased with you.
You visited 1 branch of the dungeon, and saw 5 of its levels.

You collected 84 gold pieces.

Inventory:

Missiles
 e - 70 stones (quivered)
 k - 3 datura-tipped darts
 p - 33 sling bullets
Armour
 a - a +0 robe (worn)
 b - a +0 kite shield (worn)
 d - a +2 buckler
Jewellery
 h - a ring of flight (left claw)
 l - a ring of fire
 q - a ring of protection from fire (right claw)
 r - the ring "Baifulot" {Fly rF+ Str+5 Dex+2}
   (You found it on level 6 of the Dungeon)

   [ring of flight]

   Str:       It affects your strength (+5).
   Dex:       It affects your dexterity (+2).
   rF:        It protects you from fire.
   Fly:       It grants you flight.
Scrolls
 g - 2 scrolls of identify {unknown}
 i - a scroll of enchant weapon {unknown}
 m - 2 scrolls of immolation {unknown}
 n - a scroll of acquirement {unknown}
 o - a scroll of teleportation {unknown}
Potions
 c - a potion of might
 f - 2 potions of curing {unknown}
 j - 3 potions of attraction {unknown}


   Skills:
 + Level 3.3 Fighting
 + Level 0.2 Throwing
 + Level 3.7 Dodging
 + Level 1.3 Stealth
 + Level 3.5 Shields
 + Level 5.6 Unarmed Combat


You had 6 spell levels left.
You didn't know any spells.
Your spell library contained the following spells:

 Spells                   Type           Power      Damage    Failure   Level
 Portal Projectile        Hex/Tloc       0%         N/A       99%         3
 Blade Hands              Tmut           0%         N/A       100%        5
 Excruciating Wounds      Necr           0%         N/A       100%        5


Dungeon Overview and Level Annotations

Branches:
Dungeon (4/15)
 Temple: D:4-7

Altars:
Dithmenos
Elyvilon
Hepliaklqana
Xom
Zin


Innate Abilities, Weirdness & Mutations

You are too large for most types of armour.
You have claws for hands.
Your natural rate of healing is unusually fast.
You are covered in fur. (AC +1)
You have tough skin. (AC +1)


Message History

You kill the orc warrior!
The orc hits you with a +0 club.
* * * LOW HITPOINT WARNING * * *
The orc hits you with a +0 club.
* * * LOW HITPOINT WARNING * * *
Your life force feels restored.
You hear some strange, mumbled words.
A puff of flame appears from out of thin air!
The puff of flame hits you. You resist.
* * * LOW HITPOINT WARNING * * *
You block the orc's attack. The orc completely misses you.
Things that are here:
a +0 battleaxe; a +0 plate armour You miss something.
Something hits you.
* * * LOW HITPOINT WARNING * * *
You feel drained. You block the orc's attack.
The orc hits you but does no damage.
You miss something.
You hear some strange, mumbled words.
You are confused.
The orc hits you with a +0 flail.
* * * LOW HITPOINT WARNING * * *
An orc wizard comes into view. It is wielding a +0 dagger.
The orc hits you with a +0 club.
* * * LOW HITPOINT WARNING * * *
Something hits you.
* * * LOW HITPOINT WARNING * * *
You feel drained.
Unknown command.
Unknown command.
You bump into the rock wall.
The orc hits you with a +0 flail.
* * * LOW HITPOINT WARNING * * *
The orc hits you but does no damage.
You hear some strange, mumbled words.
A magic dart appears from out of thin air!
The magic dart hits you! Elyvilon protects you from harm!
Unknown command.
You completely miss something. The orc hits you with a +0 flail.
You die...

### ## #.##. ..... #
#.#.# ## ##.#
##.#.#####....
#....###..#......#
#..)......).#
#####)o....o# ###
###.##o@# ##.#
###..###.### .
#..#####....# ##..##.
###.....##..## #...
#..######..# ##.##
##### #..###..# ##..##
##..#..## . #....##
##......#####..
#.##..###..##....#.....


You could see an orc wizard and 2 orcs.

Vanquished Creatures
  2 orc warriors (D:6)
  A necrophage (D:3)
  2 bullfrogs (D:6)
  A water moccasin skeleton (D:6)
  2 orc priests (D:6)
  An iguana (D:6)
  Jessica (D:3)
  An orc wizard (D:6)
  A gnoll (D:1)
  An adder (D:2)
  A white imp (D:6)
  A worm (D:3)
  2 dart slugs (D:2)
  5 orcs
  A ball python (D:1)
  4 bats
  5 endoplasms
  5 giant cockroaches
  8 hobgoblins
  A quokka (D:2)
  A frilled lizard (D:1)
  5 goblins
  3 kobolds
  4 rats
59 creatures vanquished.

Notes
Turn   | Place    | Note
-------+----------+-------------------------------------------
     0 | D:1      | jbasstz the Troll Fighter began the quest for the Orb.
     0 | D:1      | Reached XP level 1. HP: 22/22 MP: 0/0
    18 | D:1      | Found a faded altar of an unknown god.
    43 | D:1      | Prayed at the altar of an unknown god.
    43 | D:1      | Became a worshipper of Elyvilon the Healer
    43 | D:1      | Reached * piety under Elyvilon
   315 | D:1      | Reached ** piety under Elyvilon
   381 | D:1      | Elyvilon protects you from harm!
   389 | D:1      | Reached XP level 2. HP: 8/29 MP: 1/1
  1040 | D:2      | Reached XP level 3. HP: 36/36 MP: 2/2
  1635 | D:2      | Reached *** piety under Elyvilon
  2019 | D:3      | Found a glowing silver altar of Zin.
  2201 | D:3      | Noticed Jessica
  2210 | D:3      | Killed Jessica
  2211 | D:3      | Reached skill level 3 in Unarmed Combat
  2211 | D:3      | Reached XP level 4. HP: 24/44 MP: 3/3
  2302 | D:3      | Noticed a necrophage
  2318 | D:3      | Killed a necrophage
  2319 | D:3      | Reached XP level 5. HP: 44/53 MP: 4/4
  2760 | D:4      | You fall into a shaft and drop 2 floors!
  2761 | D:6      | Found a hazy altar of Hepliaklqana.
  2762 | D:6      | Found a shadowy altar of Dithmenos.
  2766 | D:6      | Found a shimmering altar of Xom.
  2792 | D:6      | Reached skill level 4 in Unarmed Combat
  2845 | D:6      | Reached **** piety under Elyvilon
  2864 | D:6      | Reached XP level 6. HP: 55/61 MP: 5/5
  2895 | D:6      | Reached skill level 1 in Stealth
  2902 | D:6      | Noticed an orc warrior
  2937 | D:6      | Killed an orc warrior
  2945 | D:6      | Reached skill level 5 in Unarmed Combat
  2945 | D:6      | Reached XP level 7. HP: 14/67 MP: 6/6
  3080 | D:6      | Identified the ring "Baifulot" {Fly rF+ Str+5 Dex+2}
  3181 | D:6      | HP: 3/65 [orc (4)]
  3181 | D:6      | HP: 1/65 [something (2)]
  3182 | D:6      | Elyvilon protects you from harm!
  3184 | D:6      | Slain by an orc

Illustrated notes

Levels and vault maps discovered:
D:1:      nzn_arrival_crosshair, layout_basic,
          chequers_ecumenical_altar_simple_redux
D:2:      kb_forest_paths, layout_loops_corners, grunt_ministairs_4
D:3:      layout_basic, mainiacjoe_overflow_surrounded_room, minmay_cut_off,
          uniq_jessica
D:4:      layout_rooms, serial_shops, nicolae_diamond_shop, corner_web_ring,
          uniq_grinder
D:6:      layout_layer_cave, minitemple, gup_sewer_entry_bubbles

Skill      XL: |  1  2  3  4  5  6 |
---------------+-------------------+-----
Unarmed Combat | 3 4 5 |  5.6
Fighting       | 3 |  3.3
Dodging        | 3 |  3.7
Shields        | 3 |  3.5
Stealth        | 1 |  1.3
Throwing       | |  0.2

Action                   |  1- 3 |  4- 6 |  7- 9 || total
-------------------------+-------+-------+-------++-------
Melee: Unarmed           |   100 |    59 |    42 ||   201
Throw: Stone             |       |     5 |       ||     5
 Stab: Sleeping          |     1 |       |       ||     1
Armor: Robe              |    23 |    13 |    14 ||    50
Dodge: Dodged            |    34 |    22 |    11 ||    67
Block: Kite shield       |    40 |    23 |    23 ||    86

Table legend: (Time is in decaauts)
 A = Elapsed time spent in this place.
 B = Non-inter-level travel time spent in this place.
 C = Inter-level travel time spent in this place.
 D = Time resting spent in this place.
 E = Time spent auto-exploring this place.
 F = Levels seen in this place.
 G = Mean time per level.
                   A        B        C        D        E       F      G
               +--------+--------+--------+--------+--------+-----+--------+
         Total |   3216 |   3216 |      0 |      0 |   2256 |   5 |  643.2 |
       Dungeon |   3216 |   3216 |      0 |      0 |   2256 |   5 |  643.2 |
               +--------+--------+--------+--------+--------+-----+--------+

Top non-repeatable levels by time:
     D:2: 976 daAuts
     D:1: 972 daAuts
     D:3: 822 daAuts
     D:6: 433 daAuts
     D:4: 11 daAuts
